Unix NetHack Version 5.0.0-0 post-release - last build May 23 2026 06:08:33 (1c0ff79ee797540d5714e4e18072db0edd9e58ae,branch:main).

Game began 2026-05-29 19:38:43, ended 2026-05-29 19:57:16.

Eisengrim, chaotic male elven Wizard

       ...-
       ....---
     . 0.....---
     ..........--   ---.
     .......------- |....
      ......f.....---<...
       .----...--...G....
           |..------!...
           |..     -...
                    ..

Eisengrim the Conjurer    St:8 Dx:16 Co:15 In:12 Wi:12 Ch:13  Chaotic
Dlvl:3  $:74 HP:0(28) Pw:57(57) AC:9  Xp:4 T:1964  Fainting

Latest messages:
 The newt just misses!
 You kill the newt!
 Where do you want to travel to?
 (For instructions type a '?')
 You descend the stairs.
 The gnome swings his bow.
 The gnome hits!
 A board beneath the dwarf squeaks an E note loudly.
 You hit the gnome.
 You miss the gnome.
 The gnome swings his bow.
 The gnome hits!
 You hit the gnome.
 The kitten picks up an orange potion.
 The gnome swings his bow.
 The gnome hits!
 The kitten drops an orange potion.
 The kitten bites the gnome.
 The gnome is killed!
 The kitten misses the gnome.
 The kitten bites the gnome.
 The gnome is killed!
 The kitten misses the gnome king.
 The gnome king picks up a bow.
 You hear some noises in the distance.
 The gnome king picks up 6 arrows.
 You see here a yellow gem.
 F - a yellow gem.
 You faint from lack of food.
 You dream that you hear an E note squeak in the distance.
 You regain consciousness.
 What do you want to zap? [cuxD or ?*]
 In what direction?
 You kill the gnome king!
 You can hear again.
 With great effort you move the boulder.
 You swap places with your kitten.
 The dwarf throws a dagger!
 You are hit by a dagger.
 What do you want to zap? [cuxD or ?*]
 In what direction?
 You kill the dwarf!
 The bolt of cold bounces!
 The bolt of cold hits you!
 You die...
 Do you want your possessions identified? [ynq] (y)
 Do you want to see your attributes? [ynq] (y)
 Do you want an account of creatures vanquished? [ynaq] (y)
 Do you want to see your conduct and achievements? [ynq] (y)
 Do you want to see the dungeon overview? [ynq] (y)

Inventory:
 Coins    ('$')
  $ - 74 gold pieces
 Weapons  (')')
  t - a +0 orcish dagger (weapon in right hand)
  a - a blessed +1 quarterstaff
 Armor    ('[')
  b - an uncursed +0 cloak of magic resistance (being worn)
 Comestibles  ('%')
  y - an uncursed tripe ration
 Scrolls  ('?')
  z - an uncursed scroll of amnesia
  k - a blessed scroll of confuse monster
  A - 2 uncursed scrolls of enchant armor
  i - an uncursed scroll of identify
  q - an uncursed scroll of light
  j - an uncursed scroll of remove curse
 Spellbooks  ('+')
  l - a blessed spellbook of force bolt
  m - an uncursed spellbook of healing
 Potions  ('!')
  h - an uncursed potion of fruit juice
  B - an uncursed potion of gain ability
  s - an uncursed potion of gain level
  v - 3 uncursed potions of healing
  f - an uncursed potion of invisibility
  g - 2 uncursed potions of levitation
  p - a potion of unholy water
 Rings    ('=')
  d - an uncursed ring of shock resistance
  e - an uncursed ring of warning
 Wands    ('/')
  c - a wand of cold (0:4)
  x - a blessed wand of light (0:14)
  D - a wand of striking (0:7)
  u - a wand of undead turning (0:8)
 Tools    ('(')
  o - an uncursed tooled horn
  C - an uncursed tooled horn
  n - a magic marker (0:19)
  E - an uncursed oil lamp (lit)
 Gems/Stones  ('*')
  F - an uncursed worthless piece of yellow glass

Eisengrim the Wizard's attributes:

Background:
 You were a Conjurer, a level 4 male elven Wizard.
 You were chaotic, nominally on a mission for Anhur
 who was opposed by Ptah (lawful) and Thoth (neutral).
 You were right-handed.
 You were in the Gnomish Mines, on level 3.
 You entered the dungeon 1964 turns ago.
 You had 135 experience points, 25 more were needed to attain level 5.

Basics:
 You had 0 out of 28 hit points.
 You had all 57 energy points (spell power).
 Your armor class was 9.
 Your wallet contained 74 zorkmids.
 Autopickup was off.

Final Characteristics:
 Your strength was 8 (base:9, limit:18).
 Your dexterity was 16 (limit:18).
 Your constitution was 15 (limit:16).
 Your intelligence was 12 (limit:20).
 Your wisdom was 12 (limit:20).
 Your charisma was 13 (limit:18).

Final Status:
 You were fainting due to starvation.
 You were unencumbered.
 You were wielding a dagger.
 You had basic skill with dagger.

Final Attributes:
 You were devoutly aligned.
 You were magic-protected.
 You were sleep resistant.
 You had infravision.
 You were warded.
 You are dead.

Miscellaneous:
 You didn't encounter any bones levels.
 Total elapsed playing time was 18 minutes and 29 seconds.

Major events:
 Turn
    1: Eisengrim the chaotic male elven Wizard entered the dungeon
  704: entered the Gnomish Mines
 1016: attained the rank of Conjurer (level 3)
 1964: killed by a bolt of cold zapped by himself

Spells:
 Name                 Level Category     Fail Retention
 force bolt             1   attack         0%  91%-100%
 healing                1   healing        0%  76%-100%

Skills:
 Fighting Skills
   bare handed combat [Unskilled]
   riding             [Unskilled]
 Weapon Skills
   dagger             [Basic]
   knife              [Unskilled]
   axe                [Unskilled]
   short sword        [Unskilled]
   club               [Unskilled]
   mace               [Unskilled]
   quarterstaff       [Basic]
   polearms           [Unskilled]
   spear              [Unskilled]
   trident            [Unskilled]
   sling              [Unskilled]
   dart               [Unskilled]
   shuriken           [Unskilled]
 Spellcasting Skills
   attack spells      [Basic]
   healing spells     [Unskilled]
   divination spells  [Unskilled]
   enchantment spells [Basic]
   clerical spells    [Unskilled]
   escape spells      [Unskilled]
   matter spells      [Unskilled]

Voluntary challenges:
 Character rerolling was not enabled.
 You were an atheist.
 You were illiterate.
 You never genocided any monsters.
 You never polymorphed an object.
 You never changed form.
 You used no wishes.
Achievements:
 You entered a shop.
 You entered the Gnomish Mines.
 You attained the rank of Conjurer.

 The Dungeons of Doom: levels 1 to 4
    Level 1:
       A fountain, a grave.
    Level 2:
       A scroll shop, a sink.
       Stairs down to The Gnomish Mines.
    Level 3:
       A wand shop, a fountain.
    Level 4:
       A grave.
 The Gnomish Mines:
    Level 3: <- You were here.
       Final resting place for
          you, killed by a bolt of cold zapped by yourself.


Vanquished creatures:
  a gnome ruler
  a shrieker
  a little dog
  2 dwarves
  a homunculus
  a giant bat
  2 dwarf zombies
  a hobbit
  a large kobold
  a red mold
  2 gnomes
  4 geckos
  4 jackals
  3 foxes
  2 kobolds
  2 goblins
  6 grid bugs
  a lichen
  a kobold zombie
  4 newts
41 creatures vanquished.

No species were genocided or became extinct.

Game over:
                       ----------
                      /          \
                     /    REST    \
                    /      IN      \
                   /     PEACE      \
                  /                  \
                  |    Eisengrim     |
                  |      74 Au       |
                  | killed by a bolt |
                  |  of cold zapped  |
                  |    by himself    |
                  |                  |
                  |       2026       |
                 *|     *  *  *      | *
        _________)/\\_//(\/(/\)/\//\/|_)_______

Goodbye Eisengrim the Wizard...

You died in The Gnomish Mines on dungeon level 3 with 757 points,
and 74 pieces of gold, after 1964 moves.
You were level 4 with a maximum of 28 hit points when you died.

